 Dungeon Crawl Stone Soup version 0.29-a0-892-g2c4c91d9db (console) character file.

Game seed: 7319057411348392481

421 CannotBeFrozen the Chopper (level 6, -2/52 HPs)
             Began as a Demigod Fighter on July 22, 2022.
             Slain by a gnoll
             ... wielding a +0 halberd
             ... led by a gnoll bouda
              (3 damage)
             ... on level 5 of the Dungeon.
             The game lasted 00:10:54 (4696 turns).

CannotBeFrozen the Chopper (Demigod Fighter)        Turns: 4696, Time: 00:10:55

Health: -2/52      AC: 13    Str: 25    XL:     6   Next: 35%
Magic:  8/8        EV:  6    Int: 10    God:
Gold:   100        SH:  4    Dex: 13    Spells: 5/5 levels left

rFire   . . .      SeeInvis .   a - +0 war axe
rCold   + . .      Faith    .   c - +0 buckler
rNeg    + . .      Spirit   .   t - +0 plate armour
rPois   .          Reflect  .   v - +0 helmet
rElec   .          Harm     .   u - scarf {+Inv}
rCorr   .          Rampage  .   m - +0 pair of gloves
Will    .....                   (no boots)
Stlth   ..........              (no amulet)
HPRegen 0.17/turn               n - ring of protection from cold
MPRegen 0.11/turn               A - ring of positive energy

@: mighty
A: high MP 1, forlorn, divine attributes
a: Evoke Invisibility


You were on level 5 of the Dungeon.
You visited 1 branch of the dungeon, and saw 5 of its levels.

You collected 275 gold pieces.
You spent 175 gold pieces at shops.

Inventory:

Hand Weapons
 a - a +0 war axe (weapon)
Missiles
 j - 47 stones (quivered)
 s - 5 poisoned darts
 y - 4 boomerangs
Armour
 c - a +0 buckler (worn)
 m - a +0 pair of gloves (worn)
 t - a +0 plate armour (worn)
 u - a scarf of invisibility (worn)
 v - a +0 helmet (worn)
Jewellery
 n - a ring of protection from cold (left hand)
 q - a ring of wizardry
 A - a ring of positive energy (right hand)
Scrolls
 f - a scroll of enchant weapon {unknown}
 g - 4 scrolls of teleportation {@r2}
 i - a scroll of fog {unknown}
 l - 2 scrolls of immolation
 o - a scroll of fear {unknown}
 p - a scroll of summoning {unknown}
 r - a scroll of poison {unknown}
 w - a scroll of identify {@r1}
Potions
 b - 2 potions of brilliance
 e - a potion of degeneration {unknown}
 h - a potion of flight
 k - 4 potions of curing {@q1}
 x - a potion of heal wounds {unknown}
 z - a potion of attraction {unknown}


   Skills:
 + Level 4.2 Fighting
 * Level 5.2 Axes
 - Level 2.6 Armour
 - Level 2.6 Shields
 + Level 1.7 Evocations


You had 5 spell levels left.
You didn't know any spells.
Your spell library contained the following spells:

 Spells                   Type           Power      Damage    Failure   Level
 Apportation              Tloc           0%         N/A       100%        1
 Necrotise                Necr           0%         1d4       100%        1
 Summon Small Mammal      Summ           0%         N/A       100%        1
 Call Canine Familiar     Summ           0%         N/A       100%        3
 Portal Projectile        Hex/Tloc       0%         N/A       100%        3
 Leda's Liquefaction      Hex/Erth       0%         N/A       100%        4
 Malign Gateway           Summ/Tloc      0%         N/A       100%        7
 Summon Horrible Things   Summ           0%         N/A       100%        8


Dungeon Overview and Level Annotations

Branches:
Dungeon (5/15)             Temple (0/1) D:5

Shops:
D:2 :   D:4 [   D:5 *:

Annotations:
D:3 Sigmund
D:4 3 runed translucent doors, Ijustatesigmund's ghost, amateur HOFE
D:5 Blork the orc


Innate Abilities, Weirdness & Mutations

You have an increased reservoir of magic. (+10% MP)
You shall have no god before yourself.
Your divine heritage dramatically boosts your attributes as you level up.


Message History

Blork the orc is moderately wounded.
You barely miss the gnoll bouda.
Blork the orc hits you with a +0 war axe.
The gnoll bouda hits you with a +0 club.
The gnoll hits you from afar with a +0 halberd!
* * * LOW HITPOINT WARNING * * *
Blork the orc hits you with a +0 war axe.
* * * LOW HITPOINT WARNING * * *
HP: 18/52 (-20) ====-------- !!!
You hit Blork the orc.
Blork the orc is heavily wounded.
You closely miss the gnoll bouda.
Your attacks no longer feel as feeble.
You block the gnoll bouda's attack. You block Blork the orc's attack.
The gnoll hits you but does no damage. The gnoll bouda closely misses you.
Blork the orc hits you with a +0 war axe!
* * * LOW HITPOINT WARNING * * *
HP: 10/52 (-8) ==---------- !
Okay, then.
Okay, then.
Unknown command.
Press: ? - help, v - describe, . - travel
Here: a gnoll bouda, wielding a +0 club and wearing a +0 leather armour (heavily wounded)
The floor.
You feel very mighty all of a sudden. The gnoll hits you but does no damage.
Blork the orc casts a spell at you.
The puff of flame hits you but does no damage.
The gnoll bouda hits you but does no damage.
You hit Blork the orc.
Blork the orc is severely wounded.
You slash the gnoll bouda! You block Blork the orc's attack.
The gnoll hits you from afar with a +0 halberd.
* * * LOW HITPOINT WARNING * * *
Blork the orc hits you with a +0 war axe!
* * * LOW HITPOINT WARNING * * *
The gnoll bouda prays to its god.
The gnoll bouda is healed somewhat.
The gnoll hits you from afar with a +0 halberd.
You die...

#....# #.#..# #.# #.# #.#
+....#######.#..# #.# #.# #.#
#..........#.#..# #.# #.# #.#
#.##.#####.#.#..#### ##### #.#
#.# #.#
####.).............###... #.#
#.# #)#
#.#######.#.##...##.### #.#
#.# #.#
######...#####.#.##.#.g....# #
##<# #.# #.#
#..).............##........#.#
#..########.# #.#
#.####.#.##..#.#####.###.....#
#.##........###.# #.#
#.#.##gg#.####...###g.###
#.##.###........# #.#
#.#.##..#........g@o..# #.##.#
#.######## #.#
#...##..######...###..# #.##∩#
#.# #.# ###.##..### ##.##
...... #.##.# #.#
#.#####........## #. .#####.#
#.##.# #.# #......[)...<.(..#
. # #.##.# #.#
#######.)##.##.#.# # # #.##.#
#.# #..##.# .# # #. #.##.###.#
#..##.# .# # #.###........#
#..##.. . ...........[...#
#..##.. ..........>...# #..#
... .##.##.........#


You could see Blork the orc (fast), a gnoll bouda and a gnoll.

Vanquished Creatures
  A scorpion (D:5)
  A howler monkey (D:4)
  A hound (D:5)
  An orc priest (D:5)
  3 iguanas
  An orc wizard (D:5)
  Robin (D:4)
  2 gnolls (D:5)
  4 adders
  3 worms (D:2)
  3 dart slugs
  4 orcs (D:5)
  6 bats
  3 endoplasms
  3 giant cockroaches
  2 hobgoblins (D:2)
  7 jackals
  4 quokkas
  7 ball pythons
  A frilled lizard (D:1)
  18 goblins
  4 kobolds
  8 rats
88 creatures vanquished.

Notes
Turn   | Place    | Note
-------+----------+-------------------------------------------
     0 | D:1      | CannotBeFrozen the Demigod Fighter began the quest for the
                  | Orb.
     0 | D:1      | Reached XP level 1. HP: 18/18 MP: 3/3
   106 | D:1      | Reached skill level 2 in Axes
   228 | D:1      | Reached XP level 2. HP: 24/25 MP: 4/4
  1021 | D:2      | Reached XP level 3. HP: 31/31 MP: 5/5
  1052 | D:2      | Reached skill level 3 in Axes
  1364 | D:2      | You fall into a shaft and drop 1 floor!
  1385 | D:2      | Found Vitasixe's Book Boutique.
  1977 | D:2      | Reached XP level 4. HP: 38/38 MP: 6/6
  2207 | D:3      | Noticed Sigmund
  2230 | D:4      | Reached skill level 4 in Axes
  2546 | D:4      | Found Deeg's Antique Armour Boutique.
  2546 | D:4      | Found a runed translucent gate.
  2547 | D:4      | Found a runed translucent gate.
  2547 | D:4      | Noticed Ijustatesigmund's ghost (amateur HOFE)
  2548 | D:4      | Found a runed translucent gate.
  2553 | D:4      | Noticed a steam dragon
  2560 | D:4      | Bought a glowing scarf for 136 gold pieces
  2747 | D:4      | Noticed Robin
  2751 | D:4      | Reached XP level 5. HP: 44/46 MP: 7/7
  2760 | D:4      | Killed Robin
  3084 | D:5      | Entered Level 5 of the Dungeon
  3093 | D:5      | Found Uhasig's General Store.
  3097 | D:5      | Found Wurphull's Book Shop.
  3103 | D:5      | Bought a potion of curing for 39 gold pieces
  3275 | D:5      | Reached skill level 1 in Evocations
  3823 | D:5      | Reached XP level 6. HP: 39/52 MP: 8/8
  4131 | D:5      | Reached skill level 5 in Axes
  4313 | D:5      | Found a staircase to the Ecumenical Temple.
  4408 | D:5      | Noticed Blork the orc
  4696 | D:5      | HP: 1/52 [Blork the orc/+0 war axe (7)]
  4696 | D:5      | Slain by a gnoll

Illustrated notes

Levels and vault maps discovered:
D:1:      minmay_arrival_four_houses, layout_rooms, basic_ecumenical_altar,
          corexii_leaking_fountain
D:2:      layout_basic, serial_shops, nicolae_square_shop,
          amcnicky_mini_rare_corridor_liquid, minmay_divided_ellipse
D:3:      minmay_diamond_boxcup, layout_loops_ring,
          nicolae_overflow_hidden_temple, uniq_sigmund
D:4:      layout_rooms, bloody_trog, gammafunk_ghost_split, serial_shops,
          shop_fountains, uniq_robin
D:5:      layout_loops_ring, nicolae_tso_swordbearing_angel,
          nicolae_dithmenos_the_darkroom, okawaru_trees_2,
          lemuel_temple_firewalk_b, serial_shops, shop, nicolae_stop_n_shop_1,
          uniq_blork_the_orc

Skill      XL: |  1  2  3  4  5  6 |
---------------+-------------------+-----
Axes           | 2 3 4 5 |  5.2
Fighting       | 3 4 |  4.2
Evocations     | 1 |  1.7
Armour         | |  2.6
Shields        | |  2.6

Action                   |  1- 3 |  4- 6 || total
-------------------------+-------+-------++-------
Melee: War axe           |   144 |   113 ||   257
Throw: Stone             |     1 |     5 ||     6
  Use: Scroll            |       |     4 ||     4
       Potion            |       |     1 ||     1
Armor: Scale mail        |    37 |       ||    37
       Chain mail        |    82 |    12 ||    94
       Plate armour      |       |    78 ||    78
Dodge: Dodged            |    64 |    47 ||   111
Block: Buckler           |    33 |    31 ||    64

Table legend: (Time is in decaauts)
 A = Elapsed time spent in this place.
 B = Non-inter-level travel time spent in this place.
 C = Inter-level travel time spent in this place.
 D = Time resting spent in this place.
 E = Time spent auto-exploring this place.
 F = Levels seen in this place.
 G = Mean time per level.
                   A        B        C        D        E       F      G
               +--------+--------+--------+--------+--------+-----+--------+
         Total |   4792 |   4711 |     81 |   1575 |   2114 |   5 |  958.4 |
       Dungeon |   4792 |   4711 |     81 |   1575 |   2114 |   5 |  958.4 |
               +--------+--------+--------+--------+--------+-----+--------+

Top non-repeatable levels by time:
     D:2: 1373 daAuts
     D:5: 1368 daAuts
     D:4: 1142 daAuts
     D:1: 876 daAuts
     D:3: 33 daAuts
